 Dungeon Crawl Stone Soup version 0.18.1-50-g88ac8fd (webtiles) character file.

134520 alienpizza the Severer (level 16, -18/132 HPs)
             Began as a Demonspawn Gladiator on Oct 2, 2016.
             Was the Champion of Okawaru.
             Killed from afar by a fire dragon (22 damage)
             ... with a blast of flame
             ... on level 4 of the Swamp.
             The game lasted 03:10:27 (30205 turns).

alienpizza the Severer (Demonspawn Gladiator)      Turns: 30205, Time: 03:10:29

Health: -18/132    AC: 30    Str: 19    XL:     16   Next: 62%
Magic:  17/17      EV:  9    Int: 12    God:    Okawaru [******]
Gold:   2318       SH:  0    Dex: 14    Spells: 0 memorised, 15 levels left

rFire  . . .     SeeInvis .     a - +8 eveningstar of the Spectre {venom, rElec rC++ Str-4}
rCold  + + .     Gourm    +     k - +0 crystal plate armour
rNeg   . . .     Faith    .     (no shield)
rPois  .         Spirit   .     (helmet unavailable)
rElec  +         Dismiss  .     K - +0 cloak
rCorr  .         Reflect  .     J - +0 pair of gloves {Str+3}
SustAt .         Harm     .     L - +0 pair of boots {Fly}
MR     ++...     Rnd*Rage +     m - amulet of the gourmand
Stlth  ..........               p - ring of protection from magic
                                n - +4 ring of protection

@: flying, very resistant to hostile enchantments, extremely unstealthy
A: horns 3, berserk 1, sense surroundings 1, powered by death 2, spiny 2,
MP-powered wands, sturdy frame 2
a: Heroism, Finesse, Renounce Religion, Stop Flying


You were on level 4 of the Swamp.
You worshipped Okawaru.
Okawaru was exalted by your worship.
You were not hungry.

You visited 4 branches of the dungeon, and saw 29 of its levels.
You also visited: Sewer.

You collected 3476 gold pieces.
You spent 1158 gold pieces at shops.

Inventory:

Hand Weapons
 a - the +8 eveningstar of the Spectre (weapon) {venom, rElec rC++ Str-4}
   (Okawaru gifted it to you on level 2 of the Orcish Mines)

   It poisons the flesh of those it strikes.
   It affects your strength (-4).
   It greatly protects you from cold.
   It insulates you from electricity.
 r - the +2 glaive "Demonspawn's Doom" {drain, *Confuse rPois Dex+4}
   (Okawaru gifted it to you on level 2 of the Swamp)

   A truly terrible weapon, it drains the life of those it strikes.
   It affects your dexterity (+4).
   It protects you from poison.
   It may confuse you when you take damage.
 B - the +9 broad axe of the Bear {venom, rElec rF+ Stlth+}
   (Okawaru gifted it to you on level 15 of the Dungeon)

   It poisons the flesh of those it strikes.
   It protects you from fire.
   It insulates you from electricity.
   It makes you more stealthy.
 E - a +5 vampiric executioner's axe
Missiles
 d - 3 throwing nets (quivered)
Armour
 e - a +0 plate armour of cold resistance
 k - a +0 crystal plate armour (worn)
 u - a +0 scale mail of magic resistance
 w - the +0 scale mail of Cheibriados's Esteem {MR- Str+4 Int-4 Dex+10}
   (You found it on level 8 of the Dungeon)

   It affects your strength (+4).
   It affects your intelligence (-4).
   It affects your dexterity (+10).
   It affects your resistance to hostile enchantments.
 J - a +0 pair of gloves of strength (worn)
 K - a +0 cloak (worn)
 L - a +0 pair of boots of flying (worn)
 W - a +1 ring mail of fire resistance
Jewellery
 m - an amulet of the gourmand (around neck)
 n - a +4 ring of protection (left hand)
 p - a ring of protection from magic (right hand)
 x - an uncursed amulet of regeneration
 z - an uncursed ring of ice
 H - an uncursed ring of resist corrosion
 N - an uncursed ring of protection from cold
 U - a +5 amulet of reflection
Wands
 t - a wand of lightning (2/15)
 v - a wand of slowing (22/48)
 S - a wand of paralysis (10/24)
 T - a wand of slowing (21/48)
 Y - a wand of lightning (5/15)
Scrolls
 c - 2 scrolls of summoning
 g - 2 scrolls of fear
 l - a scroll of holy word
 o - 11 scrolls of remove curse
 q - 7 scrolls of immolation
 C - 7 scrolls of teleportation
 O - 2 scrolls of magic mapping
 P - 2 scrolls of identify
 R - a scroll of silence
 V - 6 scrolls of fog
Potions
 i - 5 potions of might
 j - a potion of resistance
 A - 2 potions of ambrosia
 D - 5 potions of agility
 F - 4 potions of lignification
 Q - 6 potions of haste
 X - a potion of berserk rage
Books
 M - an Akashic Record

   Spells                             Type                      Level
   a - Dispersal                      Translocation                6
   b - Malign Gateway                 Summoning/Translocation      7
   c - Disjunction                    Translocation                8
   d - Controlled Blink               Translocation                8
Miscellaneous
 b - a legendary deck of wonders
 G - a lamp of fire
 I - a phantom mirror
Comestibles
 f - 10 bread rations
 y - a royal jelly


   Skills:
 + Level 13.7 Fighting
 * Level 16.3(16.5) Axes
 + Level 4.5(11.8) Maces & Flails
 + Level 1.9 Throwing
 + Level 11.8 Armour
 + Level 10.5 Dodging
 + Level 5.0 Stealth
   Level 7.8 Shields
 + Level 2.4 Invocations
 + Level 1.2 Evocations


You had 15 spell levels left.
You didn't know any spells.

Dungeon Overview and Level Annotations

Branches:
Dungeon (15/15)            Temple (0/1) D:6            Lair (8/8) D:10
  Swamp (4/4) Lair:4        Snake (0/4) Lair:5        Slime (0/6) Lair:8
    Orc (2/2) D:11            Elf (0/3) Orc:2        Vaults (0/5) D:13
 Depths (0/5) D:15

Altars:
Ashenzari
Cheibriados
Dithmenos
Fedhas
Gozag
Kikubaaqudgha
Okawaru
Pakellas
Ru
Sif Muna
Xom
Yredelemnul
Zin

Shops:
D:7 *   D:9 *   D:14 !   Orc:2 ([:**

Annotations:
Swamp:4 Peloso's ghost, adept MiFi


Innate Abilities, Weirdness & Mutations

You have a pair of large horns on your head.
You regenerate health from kills.
You are mostly covered in sharp spines.
Your movements are less encumbered by armour (ER -4).
You tend to lose your temper in combat.
You passively map a small area around you.
You expend magic power (3 MP) to strengthen your wands.


Message History

The fire dragon tramples you but does no damage.
You hear a roar!
A four-headed hydra comes into view.
Drink which item? (? for menu, Esc to quit)
Okay, then.
Drink which item? (? for menu, Esc to quit)
Your magical effects are unravelling.
You feel magically purged.
You feel a little less mighty now.
Your resistance to elements expires.
Peloso's ghost hits you!
* * * LOW HITPOINT WARNING * * *
Peloso's ghost burns you.
* * * LOW HITPOINT WARNING * * *
The swamp dragon is struck by your spines.
The swamp dragon bites you but does no damage.
The swamp dragon claws you but does no damage.
The swamp dragon tramples you but does no damage.
The fire dragon breathes flames at you. The blast of flame hits you!
You die...

≈≈§≈≈.≈♣≈≈.♣♣♣).≈..♣##♣≈♣≈..
,
≈.)≈..♣♣♣≈♣♣♣.....≈§.≈...≈.≈
..♣♣♣♣♣ ♣♣♣
♣........D♣§≈...** ..♣ ♣♣
♣♣♣♣♣≈≈≈≈≈.≈≈≈≈. ,
≈≈♣♣♣♣♣♣≈♣♣ ♣$≈≈.≈.≈≈≈≈§
≈≈≈≈....♣§♣♣♣♣♣♣♣......≈≈≈≈≈
≈≈≈≈≈≈≈≈≈...♣.§§§§§≈≈≈..≈♣≈≈
≈≈≈≈≈≈≈≈≈≈≈≈≈≈§§DD§§≈≈.♣♣♣ ≈
≈.≈≈≈≈≈..≈..≈≈≈§@W§≈§.♣♣ ,
...≈≈≈≈≈.♣..≈.§§≈§§≈♣♣♣ ≈
..≈.(..≈≈...≈≈§≈≈§§♣♣ ,
≈.≈..§.≈≈≈.≈......≈♣ , **
≈.<.≈♣♣≈≈≈..≈♣♣♣♣♣♣♣ ≈≈≈≈≈♣*
.≈♣♣.≈♣♣♣ ≈ ≈≈≈≈≈♣ *
♣♣≈≈≈.≈♣ ≈...≈♣♣ ♣♣≈≈≈≈.♣
≈....≈♣♣♣♣≈...≈≈♣


You could see a fire dragon, a four-headed hydra, a swamp dragon and Peloso's
ghost.

Vanquished Creatures
  Kirke (D:12)
  A thorn hunter (Swamp:1)
  Maud (Lair:5)
  2 orc warlords (Orc:2)
  A dire elephant (Lair:8)
  A fire dragon (D:15)
  4 vault guards (D:13)
  Josephine (Lair:8)
  Fannar (D:12)
  17 hydras
  An ice dragon (D:15)
  5 centaur warriors
  A ghost crab (Swamp:3)
  A catoblepas (Lair:8)
  An ogre mage (D:15)
  10 death yaks (Lair:8)
  A tengu warrior (D:7)
  A deep troll shaman (Lair:8)
  3 alligators
  A queen ant (Lair:1)
  3 orc high priests (Orc:2)
  Nergalle (D:12)
  An unseen horror (D:11)
  7 swamp dragons
  Pikel (D:4)
  A lindwurm (Lair:8)
  4 hill giants
  4 orc knights
  3 ugly things
  2 shambling mangroves
  A wolf spider zombie (D:15)
  5 oklob plants
  2 griffons
  A hornet (Swamp:3)
  2 manticores
  6 cyclopes
  6 orc sorcerers
  12 slime creatures
  5 black mambas
  10 elephants
  An ice statue (D:15)
  2 gargoyles
  9 komodo dragons
  A centaur skeleton (D:13)
  A kobold demonologist (D:12)
  20 spiny frogs
  A freezing wraith (D:11)
  3 rime drakes
  2 tengu conjurers (D:11)
  32 blink frogs
  8 giant leeches
  8 trolls
  3 bog bodies
  5 polar bears
  7 two-headed ogres
  A boulder beetle (Lair:8)
  A centaur simulacrum (D:15)
  4 spriggans
  4 shadows
  4 wyverns
  5 wraiths
  47 yaks
  A hungry ghost (D:12)
  4 basilisks
  16 hippogriffs
  19 ogres
  30 vampire mosquitoes
  6 wargs
  A mottled dragon (Swamp:4)
  4 soldier ants (Lair:1)
  3 insubstantial wisps (Swamp:4)
  11 swamp worms
  Edmund (D:4)
  Duvessa (D:4)
  14 water moccasins
  2 slaves (D:4)
  13 porcupines
  6 swamp drakes
  3 black bears
  3 ice beasts
  2 sky beasts
  A necrophage (D:9)
  35 orc warriors
  10 wasps
  32 wolves
  13 centaurs
  14 crocodiles
  3 big kobolds
  A gnoll sergeant (D:7)
  22 giant frogs
  Dowan (D:4)
  A water moccasin zombie (D:8)
  A scorpion (D:14)
  8 killer bees
  A water moccasin skeleton (D:5)
  2 howler monkeys
  22 wights
  A wasp zombie (D:15)
  4 crimson imps
  2 centaur zombies
  3 giant frog zombies
  5 jellies
  A gnoll shaman (D:7)
  12 hounds
  13 orc priests
  16 orc wizards
  Crazy Yiuf (D:4)
  2 giant frog skeletons
  6 iguanas
  29 worker ants
  23 sheep
  A killer bee zombie (D:10)
  A hound skeleton (D:6)
  A howler monkey zombie (D:5)
  A worker ant zombie (D:11)
  13 gnolls
  42 river rats
  16 adders
  3 shadow imps
  An ooze (D:1)
  An adder skeleton (D:4)
  4 worms
  2 dart slugs
  8 giant geckos
  89 orcs
  4 ball pythons
  9 bats
  7 giant cockroaches
  14 goblins
  8 hobgoblins
  27 jackals
  4 quokkas
  6 giant newts
  22 kobolds
  15 rats
  A briar patch (Swamp:1)
  6 bushes
  32 fungi
  42 plants
1106 creatures vanquished.

Vanquished Creatures (others)
  A hydra (Swamp:4)
  A centaur warrior (D:13)
  A lindwurm (Swamp:4)
  A steam dragon (Swamp:4)
  2 swamp drakes (Swamp:4)
  A slave (D:4)
  A wasp (D:12)
  2 centaurs
  A giant gecko (D:4)
  2 orcs (D:4)
  A briar patch (Swamp:1)
  24 fungi
  4 plants
42 creatures vanquished.

Grand Total: 1148 creatures vanquished

Notes
Turn   | Place    | Note
--------------------------------------------------------------
     0 | D:1      | alienpizza the Demonspawn Gladiator began the quest for the Orb.
     0 | D:1      | Reached XP level 1. HP: 16/16 MP: 1/1
   215 | D:1      | Gained mutation: You are partially covered in sharp spines. [demonic ancestry]
   215 | D:1      | Reached XP level 2. HP: 9/22 MP: 2/2
   335 | D:1      | Reached skill level 3 in Axes
   437 | D:1      | Reached XP level 3. HP: 28/28 MP: 3/3
  1050 | D:2      | Reached skill level 1 in Armour
  1330 | D:2      | Gained mutation: You regenerate a little health from kills. [demonic ancestry]
  1330 | D:2      | Reached XP level 4. HP: 34/34 MP: 4/4
  1683 | D:3      | Found an ancient bone altar of Kikubaaqudgha.
  1844 | D:3      | Gained mutation: Your movements are slightly less encumbered by armour (ER -2). [demonic ancestry]
  1844 | D:3      | Reached XP level 5. HP: 38/39 MP: 5/5
  2021 | D:3      | Found a sacrificial altar of Ru.
  2514 | D:4      | Noticed a slave
  2515 | D:4      | Noticed a slave
  2515 | D:4      | Noticed a slave
  2515 | D:4      | Noticed Pikel
  2516 | D:4      | Noticed a slave
  2523 | D:4      | Killed a slave
  2528 | D:4      | Killed a slave
  2529 | D:4      | Killed Pikel
  2529 | D:4      | Reached skill level 4 in Axes
  2529 | D:4      | Reached skill level 1 in Stealth
  2529 | D:4      | Gained mutation: You regenerate health from kills. [demonic ancestry]
  2529 | D:4      | Reached XP level 6. HP: 28/48 MP: 6/6
  2529 | D:4      | Reached XP level 7. HP: 31/53 MP: 7/7
  2570 | D:4      | Noticed Duvessa
  2570 | D:4      | Noticed Dowan
  2583 | D:4      | Killed Duvessa
  2583 | D:4      | Killed Dowan
  2887 | D:4      | Noticed Edmund
  2898 | D:4      | Killed Edmund
  2898 | D:4      | Reached skill level 5 in Axes
  2898 | D:4      | Gained mutation: You are mostly covered in sharp spines. [demonic ancestry]
  2898 | D:4      | Reached XP level 8. HP: 48/60 MP: 8/8
  3147 | D:4      | Noticed Crazy Yiuf
  3150 | D:4      | Killed Crazy Yiuf
  3150 | D:4      | Reached skill level 5 in Armour
  3425 | D:5      | Entered Level 5 of the Dungeon
  3479 | D:5      | Found a basalt altar of Yredelemnul.
  3718 | D:5      | Got a distressingly furry robe
  4112 | D:5      | Reached skill level 5 in Fighting
  4194 | D:5      | Found a shimmering altar of Xom.
  4260 | D:6      | Found a shattered altar of Ashenzari.
  4301 | D:6      | Found a staircase to the Ecumenical Temple.
  4317 | D:6      | Reached skill level 6 in Axes
  4443 | D:6      | Found a glowing drain.
  4447 | Sewer    | Entered a sewer
  4505 | Sewer    | Reached XP level 9. HP: 62/68 MP: 9/9
  4535 | Sewer    | Found a glowing silver altar of Zin.
  4897 | D:6      | Found a blossoming altar of Fedhas.
  5075 | D:6      | Found an iron altar of Okawaru.
  5105 | D:6      | Became a worshipper of Warmaster Okawaru
  5149 | D:6      | Found a shadowy altar of Dithmenos.
  5257 | D:7      | Noticed a tengu warrior
  5288 | D:7      | Killed a tengu warrior
  5288 | D:7      | Reached * piety under Okawaru
  5288 | D:7      | Reached skill level 5 in Dodging
  5316 | D:7      | Reached skill level 7 in Axes
  5518 | D:7      | Found a sacrificial altar of Ru.
  5543 | D:7      | Found an oddly glowing altar of Pakellas.
  5820 | D:7      | Reached ** piety under Okawaru
  5876 | D:7      | Gained mutation: Your movements are less encumbered by armour (ER -4). [demonic ancestry]
  5876 | D:7      | Reached XP level 10. HP: 54/77 MP: 4/10
  6176 | D:7      | Found Totuyworgh's Assorted Antiques.
  6184 | D:7      | Identified the Incunabulum of Ghastly Cold
  6197 | D:7      | Identified the +0 robe "Saih" {Str+4 Stlth+} (You found it on level 5 of the Dungeon)
  6314 | D:8      | Got a dazzling scale mail
  6325 | D:8      | Identified the cursed +0 scale mail of Cheibriados's Esteem {MR- Str+4 Int-4 Dex+10} (You found it on level 8 of the Dungeon)
  6582 | D:8      | Found an opulent altar of Gozag.
  6582 | D:8      | Found a deep blue altar of Sif Muna.
  6615 | D:8      | Found a glowing silver altar of Zin.
  7166 | D:9      | Found Daddaru's General Store.
  7261 | D:9      | Bought a potion of curing for 42 gold pieces
  7261 | D:9      | Bought a scroll of teleportation for 42 gold pieces
  7527 | D:9      | Reached *** piety under Okawaru
  7527 | D:9      | Reached skill level 8 in Axes
  7978 | D:10     | Entered Level 10 of the Dungeon
  8008 | D:10     | Found a staircase to the Lair.
  8418 | D:10     | Noticed a hill giant
  8425 | D:10     | Killed a hill giant
  8425 | D:10     | Reached **** piety under Okawaru
  8842 | D:10     | Reached skill level 9 in Axes
  9263 | D:10     | Noticed a hill giant
  9273 | D:10     | Killed a hill giant
  9273 | D:10     | Gained mutation: You have a pair of small horns on your head. [demonic ancestry]
  9273 | D:10     | Reached XP level 11. HP: 85/85 MP: 11/11
  9386 | Lair:1   | Entered Level 1 of the Lair of Beasts
  9515 | Lair:2   | Found a labyrinth entrance.
  9797 | Lair:1   | Reached ***** piety under Okawaru
 10314 | Lair:1   | Noticed a queen ant
 10327 | Lair:1   | Killed a queen ant
 10443 | Lair:1   | You are sucked into a shaft!
 10451 | Lair:2   | Reached skill level 10 in Axes
 10806 | Lair:2   | Noticed a four-headed hydra
 10909 | Lair:2   | Received a gift from Okawaru
 10912 | Lair:2   | Noticed a four-headed hydra
 10929 | Lair:2   | Killed a four-headed hydra
 10929 | Lair:2   | Received a gift from Okawaru
 11338 | Lair:2   | Killed a four-headed hydra
 11338 | Lair:2   | Reached XP level 12. HP: 50/97 MP: 7/12
 12065 | D:11     | Reached skill level 1 in Maces & Flails
 12096 | D:11     | Found a staircase to the Orcish Mines.
 12355 | D:11     | Reached skill level 10 in Fighting
 12740 | D:12     | Reached skill level 11 in Axes
 12845 | D:12     | Noticed Fannar
 12871 | D:12     | Killed Fannar
 12871 | D:12     | Received a gift from Okawaru
 12902 | D:12     | Noticed Kirke
 12917 | D:12     | Killed Kirke
 12917 | D:12     | Reached ****** piety under Okawaru
 12926 | D:12     | Found a frozen archway.
 13035 | D:12     | Noticed Nergalle
 13043 | D:12     | Killed Nergalle
 13043 | D:12     | Reached skill level 10 in Armour
 13354 | D:12     | Gained mutation: You expend magic power (3 MP) to strengthen your wands. [mutagenic meat]
 13355 | D:12     | Gained mutation: You are dopey. (Int -2) [mutagenic meat]
 13356 | D:12     | Gained mutation: You are weak. (Str -2) [mutagenic meat]
 13357 | D:12     | Gained mutation: Your flesh is heat resistant. [mutagenic meat]
 13464 | D:13     | Noticed a centaur warrior
 13479 | D:13     | Reached skill level 1 in Evocations
 13480 | D:13     | Killed a centaur warrior
 13619 | D:13     | Received a gift from Okawaru
 13619 | D:13     | Reached XP level 13. HP: 63/104 MP: 13/13
 13659 | D:13     | Reached skill level 1 in Shields
 13876 | D:13     | Noticed a vault guard
 13877 | D:13     | Noticed a vault guard
 13877 | D:13     | Noticed a vault guard
 13877 | D:13     | Noticed a vault guard
 13898 | D:13     | Killed a vault guard
 13898 | D:13     | Reached skill level 12 in Axes
 13916 | D:13     | Killed a vault guard
 13926 | D:13     | Killed a vault guard
 13936 | D:13     | Killed a vault guard
 13939 | D:13     | Received a gift from Okawaru
 13939 | D:13     | Reached skill level 1 in Invocations
 13970 | D:13     | Found a gate to the Vaults.
 14478 | D:14     | Found Zuytuliul's Distillery.
 14502 | D:14     | Bought a potion of resistance for 170 gold pieces
 14502 | D:14     | Bought a potion of might for 68 gold pieces
 14502 | D:14     | Bought a potion of resistance for 170 gold pieces
 14502 | D:14     | Bought a potion of haste for 170 gold pieces
 14502 | D:14     | Bought 2 potions of might for 136 gold pieces
 14502 | D:14     | Bought a potion of agility for 68 gold pieces
 14502 | D:14     | Bought a potion of curing for 51 gold pieces
 15320 | D:14     | Lost mutation: You are dopey. (Int -2) [potion of cure mutation]
 15320 | D:14     | Lost mutation: You are weak. (Str -2) [potion of cure mutation]
 15320 | D:14     | Lost mutation: Your flesh is heat resistant. [potion of cure mutation]
 15456 | D:14     | Found an opulent altar of Gozag.
 15573 | D:14     | Gained mutation: You tend to lose your temper in combat. [mutagenic meat]
 15574 | D:14     | Gained mutation: You are weak. (Str -2) [mutagenic meat]
 15575 | D:14     | Lost mutation: You are weak. (Str -2) [mutagenic meat]
 15576 | D:14     | Gained mutation: You passively map a small area around you. [mutagenic meat]
 15799 | D:14     | Received a gift from Okawaru
 16789 | Orc:1    | Entered Level 1 of the Orcish Mines
 17486 | Orc:2    | Entered Level 2 of the Orcish Mines
 17502 | Orc:2    | Noticed an orc warlord
 17504 | Orc:2    | Noticed an orc warlord
 17542 | Orc:2    | Killed an orc warlord
 17542 | Orc:2    | Gained mutation: You have a pair of horns on your head. [demonic ancestry]
 17542 | Orc:2    | Reached XP level 14. HP: 83/114 MP: 15/15
 17547 | Orc:2    | Reached skill level 5 in Shields
 17550 | Orc:2    | Killed an orc warlord
 17564 | Orc:2    | Reached skill level 13 in Axes
 17618 | Orc:2    | Found Zoille's Book Boutique.
 17630 | Orc:2    | Received a gift from Okawaru
 17658 | Orc:2    | Got a steaming eveningstar {god gift}
 17735 | Orc:2    | Found a staircase to the Elven Halls.
 17779 | Orc:2    | Found Xocaj's Antique Weapon Shoppe.
 17862 | Orc:2    | Found Focsi's Antique Armour Emporium.
 18185 | Orc:2    | Found a shimmering altar of Xom.
 18229 | Orc:2    | Found Pastup Waoc's General Store.
 18233 | Orc:2    | Found Caopsak's General Store.
 18253 | Orc:2    | Bought a meat ration for 55 gold pieces
 18253 | Orc:2    | Bought a meat ration for 55 gold pieces
 18253 | Orc:2    | Bought a scroll of magic mapping for 38 gold pieces
 18253 | Orc:2    | Bought a meat ration for 55 gold pieces
 18253 | Orc:2    | Bought a scroll of immolation for 38 gold pieces
 18525 | D:15     | Entered Level 15 of the Dungeon
 18626 | D:15     | Identified the +8 eveningstar of the Spectre {venom, rElec rC++ Str-4} (Okawaru gifted it to you on level 2 of the Orcish Mines)
 18733 | D:15     | Reached skill level 10 in Dodging
 18739 | D:15     | Received a gift from Okawaru
 18747 | D:15     | Got a shimmering broad axe {god gift}
 18748 | D:15     | Identified the +9 broad axe of the Bear {venom, rElec rF+ Stlth+} (Okawaru gifted it to you on level 15 of the Dungeon)
 18752 | D:15     | Found a staircase to the Depths.
 18869 | D:15     | Found a runed door.
 19018 | D:15     | Found a runed door.
 19117 | D:15     | Found a runed door.
 19135 | D:15     | Found a runed door.
 20173 | Lair:3   | Received a gift from Okawaru
 20890 | Lair:4   | Found a staircase to the Swamp.
 21656 | Lair:5   | Noticed Maud
 21666 | Lair:5   | Reached skill level 5 in Stealth
 21666 | Lair:5   | Reached XP level 15. HP: 99/122 MP: 16/16
 21669 | Lair:5   | Killed Maud
 21669 | Lair:5   | Reached skill level 14 in Axes
 21857 | Lair:5   | Found a staircase to the Snake Pit.
 21894 | Lair:5   | Received a gift from Okawaru
 21899 | Lair:5   | Got a distressingly furry plate armour {god gift}
 21910 | Lair:5   | Identified the +1 plate armour "Jiurren" {Dex+5} (Okawaru gifted it to you on level 5 of the Lair of Beasts)
 24450 | Lair:8   | Entered Level 8 of the Lair of Beasts
 24461 | Lair:8   | Noticed Josephine
 24493 | Lair:8   | Killed Josephine
 24641 | Lair:8   | Received a gift from Okawaru
 24646 | Lair:8   | Reached skill level 15 in Axes
 25136 | Lair:8   | Found a staircase to the Slime Pits.
 25708 | Lair:8   | Received a gift from Okawaru
 25730 | Lair:8   | Gained mutation: You have a pair of large horns on your head. [demonic ancestry]
 25730 | Lair:8   | Reached XP level 16. HP: 131/131 MP: 17/17
 26592 | Swamp:1  | Entered Level 1 of the Swamp
 26736 | Swamp:1  | Paralysed by fainting for 11 turns
 26817 | Swamp:1  | Noticed a thorn hunter
 26834 | Swamp:1  | Killed a thorn hunter
 26834 | Swamp:1  | Reached skill level 16 in Axes
 28010 | Swamp:2  | Received a gift from Okawaru
 28031 | Swamp:2  | Got a translucent glaive {god gift}
 28063 | Swamp:2  | Found a snail-covered altar of Cheibriados.
 28206 | Swamp:2  | Identified a scroll of acquirement
 28214 | Swamp:2  | Identified the +2 glaive "Demonspawn's Doom" {drain, *Confuse rPois Dex+4} (Okawaru gifted it to you on level 2 of the Swamp)
 30022 | Swamp:4  | Entered Level 4 of the Swamp
 30179 | Swamp:4  | Noticed Peloso's ghost (adept MiFi)
 30199 | Swamp:4  | Received a gift from Okawaru
 30205 | Swamp:4  | HP: 4/132 [Peloso's ghost (6)]
 30205 | Swamp:4  | Killed from afar by a fire dragon

Skill      XL: |  1  2  3  4  5  6  7  8  9 10 11 12 13 14 15 16 |
---------------+-------------------------------------------------+-----
Axes           | 3 4 5 6 7 9 10 11 12 13 15 16 | 16.3
Dodging        | 3 4 5 6 7 8 9 10 | 10.5
Armour         | 1 4 6 8 9 10 11 | 11.8
Fighting       | 3 4 5 6 8 9 10 11 12 13 | 13.7
Stealth        | 1 2 3 4 5 |  5.0
Maces & Flails | 1 2 4 |  4.5
Evocations     | 1 |  1.2
Shields        | 4 7 |  7.8
Invocations    | 1 2 |  2.4
Throwing       | |  1.9

Action                   |  1- 3 |  4- 6 |  7- 9 | 10-12 | 13-15 | 16-18 || total
-------------------------+-------+-------+-------+-------+-------+-------++-------
Melee: War axe           |    61 |    79 |   209 |       |       |       ||   349
       Battleaxe         |       |       |    71 |   381 |       |       ||   452
       Headbutt          |       |       |       |   139 |   469 |    75 ||   683
       Whip              |       |       |       |    27 |       |       ||    27
       Punch             |       |       |       |     1 |       |       ||     1
       Broad axe         |       |       |       |    94 |  1017 |       ||  1111
       Eveningstar       |       |       |       |       |    52 |   287 ||   339
       Executioner's axe |       |       |       |       |   185 |    66 ||   251
Throw: Throwing net      |       |       |       |     2 |       |       ||     2
Invok: Heroism           |       |       |       |     1 |    13 |     2 ||    16
       Finesse           |       |       |       |       |     1 |       ||     1
 Abil: Evoke Flight      |       |       |       |       |       |     1 ||     1
Evoke: Deck              |       |       |       |    10 |       |       ||    10
  Use: Potion            |       |     1 |     2 |     3 |     9 |    20 ||    35
       Scroll            |       |       |     8 |    15 |    14 |     6 ||    43
 Stab: Paralysed         |       |     2 |       |       |       |       ||     2
       Sleeping          |       |       |       |     4 |     3 |       ||     7
       Distracted        |       |       |       |     1 |     2 |       ||     3
  Eat: Chunk             |     1 |     4 |    11 |    27 |    51 |    12 ||   106
       Bread ration      |       |       |       |     1 |       |     2 ||     3
       Fruit             |       |       |       |       |     8 |       ||     8
Armor: Scale mail        |    34 |    13 |       |   163 |   132 |       ||   342
       Chain mail        |       |    33 |   196 |     2 |       |       ||   231
       Plate armour      |       |       |       |       |   177 |       ||   177
       Crystal plate arm |       |       |       |       |       |   410 ||   410
Dodge: Dodged            |    36 |    28 |   162 |   412 |   658 |   216 ||  1512
Block: Buckler           |       |       |       |    32 |   777 |       ||   809
       Other             |       |       |       |     5 |    33 |    82 ||   120
       Reflection        |       |       |       |     2 |    41 |       ||    43
